Stony Tony, neutral male scurrid Tourist --- .@j .-- Stony Tony the Rambler Experience level: 1 Strength: 11 Dexterity: 13 Constitution: 14 Intelligence: 15 Wisdom: 6 Charisma: 16 Health: 0(9) Energy: 2(2) Def: 0 Gold: 235 Moves: 121 Dungeon seed: dIrTFi8ACXRw23Qc Game ID: Stony Tony_1528891650 Your Inventory: Coins $ - 235 gold pieces Weapons a - 44 blessed +2 darts (in quiver) Armor e - an uncursed +0 Hawaiian shirt (being worn) Comestibles b - an uncursed fortune cookie c - an uncursed cream pie d - an uncursed tripe ration f - 5 uncursed food rations g - an uncursed tin of kobold meat h - an uncursed egg i - 2 uncursed pears p - 2 uncursed eggs Scrolls k - 4 uncursed scrolls of magic mapping t - an uncursed scroll of enchant armor Potions j - 2 uncursed potions of extra healing Wands n - an uncursed wand of secret door detection (0:11) Tools l - an uncursed credit card m - an uncursed expensive camera (0:62) o - an uncursed oil lamp (0:1306) Spells and supernatural/magical abilities: Name Level Category Fail Memory W - pray for help -- divine ? -- Your skills at the end: Miscellaneous Skills wands [Basic] Weapon Skills dart [Basic] Spellcasting Skills Final Attributes: You were devoutly aligned. You were hallucinating. You had infravision. You were very stealthy. You are dead. Vanquished creatures: a hobgoblin and a partridge in a pear tree Voluntary challenges: You went without food. You did not adorn yourself with jewelry or accessories. You did not cause conflict. You were not invisible. You did not have reflection. You were not displaced. You were an atheist. You never hit with a wielded weapon. You were a pacifist. You did not apply a unicorn horn. You did not use plumbed fixtures. You were illiterate. You never genocided any monsters. You never polymorphed an object. You never changed form. You used no wishes. You never split a pudding. You never wrote Elbereth's name. You never violated your personal moral code. Dungeon overview: The Dungeons of Doom: levels 1 to 14 Level 1 a long staircase Level 2 Level 3 Level 4 Level 5 Level 6 Level 7 Level 8 Level 9 Level 10 Level 11 Level 12 Level 13 Level 14 <- You were here History has recorded: On T:1 you entered the Dungeons of Doom to retrieve the Amulet of Yendor! On T:8 you reached level 2 of The Dungeons of Doom. On T:14 you reached level 3 of The Dungeons of Doom. On T:21 you reached level 4 of The Dungeons of Doom. On T:28 you reached level 5 of The Dungeons of Doom. On T:46 you reached level 6 of The Dungeons of Doom. On T:52 you reached level 7 of The Dungeons of Doom. On T:64 you reached level 8 of The Dungeons of Doom. On T:78 you reached level 9 of The Dungeons of Doom. On T:84 you reached level 10 of The Dungeons of Doom. On T:87 you reached level 11 of The Dungeons of Doom. On T:104 you reached level 12 of The Dungeons of Doom. On T:110 you reached level 13 of The Dungeons of Doom. On T:118 you reached level 14 of The Dungeons of Doom. Score breakdown: Gold: 90 ( 9 points) Experience: 1 level ( 0 points) Exploration: 14 levels ( 390 points) Discoveries: 2 items ( 100 points) Variety of kills: 1 monster ( 50 points) Major goal: (nothing yet) ( 0 points) Survival: died (score multiplied by 3) Total score: 1647 Latest messages: You continue digging downward. You dig a pit in the floor. You continue digging downward. (7x) You dig a hole through the floor. You fall through... You receive a faint telepathic message from Twoflower: Your help is urgently needed at Ankh-Morpork! Look for a ...ic transporter. You couldn't quite make out that last message. You start digging downward. You continue digging downward. You dig a pit in the floor. You continue digging downward. (2x) The rat-ant serenades you! The acid blob impersonates you! The fire giant bites! You continue digging downward. The orc zombie edifies you! The lurker above impersonates you! You die... Final status: Aloha Stony Tony the Tourist, killed by a hallucinogen-distorted quasit... You died in The Dungeons of Doom on dungeon level 14 with 1647 points, and 235 pieces of gold, after 121 moves. You were level 1 with a maximum of 9 hit points when you died.